 Dungeon Crawl Stone Soup version 0.23.2-1-ga50397a (webtiles) character file.

Game seed: 817832037325430299

2510 MajorAdolf the Charlatan (level 9, -4/72 HPs)
             Began as a Naga Wanderer on Apr 25, 2019.
             Was a Believer of Hepliaklqana.
             Slain by MajorAdolf's ghost (15 damage)
             ... on level 7 of the Dungeon.
             The game lasted 00:26:53 (7701 turns).

MajorAdolf the Charlatan (Naga Wanderer)            Turns: 7701, Time: 00:26:54

Health: -4/72      AC: 20    Str: 18    XL:     9   Next: 53%
Magic:  23/23      EV:  6    Int: 13    God:    Hepliaklqana [**....]
Gold:   231        SH:  0    Dex: 10    Spells: 6/8 levels left

rFire    . . .     SeeInvis +   a - +2 falchion
rCold    . . .     Gourm    .   (no shield)
rNeg     . . .     Faith    .   n - +0 ring mail (curse)
rPois    +         Spirit   .   C - +1 helmet
rElec    .         Reflect  .   k - +0 cloak
rCorr    .         Harm     .   (no gloves)
MR       +....                  r - +2 naga barding
Stlth    +.........             (no amulet)
HPRegen  0.22/turn              z - ring of magical power
MPRegen  0.18/turn              E - +3 ring of protection

@: very slow
A: large, reduced essence, see invisible, deformed body, poison resistance,
slowness 2, slow metabolism 1, spit poison 1, AC +3
a: Spit Poison, Recall Ancestor, Ancestor Identity, Renounce Religion


You were on level 7 of the Dungeon.
You worshipped Hepliaklqana.
Hepliaklqana was pleased with you.
You were not hungry.

You visited 2 branches of the dungeon, and saw 8 of its levels.
You also visited: Sewer.

You collected 231 gold pieces.

Inventory:

Hand Weapons
 a - a +2 falchion (weapon)
 d - a +0 blowgun
Missiles
 c - 12 poisoned needles
 w - 7 needles of confusion
Armour
 g - a cursed +0 scale mail
 k - a +0 cloak (worn)
 n - a cursed +0 ring mail (worn)
 r - a +2 naga barding (worn)
 C - a +1 helmet (worn)
 I - a +0 chain mail
Magical Staves
 h - an uncursed staff of death
Jewellery
 o - an uncursed ring of flight
 y - an uncursed ring of stealth
 z - a ring of magical power (left hand)
 E - a +3 ring of protection (right hand)
Wands
 p - a wand of flame (22)
 A - a wand of paralysis (11)
 G - a wand of disintegration (11)
Scrolls
 b - a scroll of teleportation
 e - 2 scrolls of enchant armour
 i - 3 scrolls of identify
 j - 5 scrolls of remove curse
 m - 2 scrolls of blinking
 u - 3 scrolls of fog
 v - 3 scrolls of magic mapping
 x - a scroll of enchant weapon {unknown}
 D - a scroll of amnesia
Potions
 l - a potion of resistance {unknown}
 q - 4 potions of heal wounds {unknown}
 s - 3 potions of brilliance {unknown}
 t - 3 potions of haste
 B - a potion of invisibility {unknown}
 F - a potion of might {unknown}
Comestibles
 f - 11 rations
 H - a chunk of flesh


   Skills:
 + Level 4.8 Fighting
 - Level 5.0 Long Blades
   Level 1.7 Bows
 - Level 1.0 Throwing
 + Level 5.5 Armour
 - Level 1.5 Stealth
 + Level 4.2 Air Magic
 - Level 5.1 Poison Magic
 - Level 6.6 Evocations


You had 6 spell levels left.
You knew the following spells:

 Your Spells              Type           Power        Failure   Level  Hunger
a - Poisonous Vapours     Pois/Air       ##....       12%         2    ###....

Your spell library contained the following spells:

 Spells                   Type           Power        Failure   Level  Hunger
 Sting                    Conj/Pois      #...         19%         1    ##.....
 Mephitic Cloud           Conj/Pois/Air  #.......     41%         3    ####...
 Olgreb's Toxic Radiance  Pois           ##......     52%         4    #####..
 Venom Bolt               Conj/Pois      #.........   99%         5    ######.


Dungeon Overview and Level Annotations

Branches:
Dungeon (7/15)             Temple (1/1) D:4

Altars:
Ashenzari
Cheibriados
Elyvilon
Fedhas
Hepliaklqana
Kikubaaqudgha
Makhleb
Nemelex Xobeh
Qazlal
Sif Muna
Trog
Uskayaw
Vehumet
Wu Jian
Xom
Yredelemnul
Zin

Annotations:
D:4 exclusion: upstairs
D:7 MajorAdolf's ghost, novice NaWn


Innate Abilities, Weirdness & Mutations

You cannot wear boots.
Your serpentine skin is tough. (AC +3)
You have supernaturally acute eyesight. (SInv)
Armour fits poorly on your strangely shaped body.
Your system is resistant to poisons. (rPois)
You cover ground very slowly.
You have a slow metabolism.
You can spit poison.
Your life essence is reduced to manifest your ancestor. (-10% HP)


Message History

You hit MajorAdolf's ghost but do no damage.
MajorAdolf's ghost is moderately damaged.
Mirko hits MajorAdolf's ghost but does no damage.
MajorAdolf's ghost hits you!
You hit MajorAdolf's ghost but do no damage.
MajorAdolf's ghost is moderately damaged.
Mirko barely misses MajorAdolf's ghost.
MajorAdolf's ghost hits you!
* * * LOW HITPOINT WARNING * * *
You hit MajorAdolf's ghost but do no damage.
MajorAdolf's ghost is moderately damaged.
Mirko hits MajorAdolf's ghost but does no damage.
MajorAdolf's ghost hits you but does no damage.
Unknown command.
MajorAdolf's ghost says very slowly, "There's no hope."
MajorAdolf's ghost barely misses you.
Mirko hits MajorAdolf's ghost but does no damage.
MajorAdolf's ghost hits you.
* * * LOW HITPOINT WARNING * * *
MajorAdolf's ghost hits you!
You die...

####.....[..#########..#
####.####...#...(.(.##.#####
.....####[[.#((.....##.#...#
.#####....).#....8..#....#.###
.......##..##..(....#........#
####..###.###(....(.#...##.###
............###'''###..###.#
#####.....###....WR...## #.#
......#..#######@##....# #.#
.....................>.# #.#
########[.#...#####....# #.#
#...#...#.....######.#
##.#.....#.###.# ##...##
######..##......##..###.....##
...[..........####.###.......#
.........##........# #.......#
........###...###..###....[..#


You could see the friendly Mirko the knight and MajorAdolf's ghost.

Vanquished Creatures
  A hippogriff (D:7)
  2 orc warriors
  3 ogres
  Blork the orc (D:5)
  2 bullfrogs (Sewer)
  A wyvern skeleton (D:7)
  A scorpion (D:4)
  2 killer bees (D:7)
  A howler monkey (D:6)
  A crimson imp (D:6)
  A centaur zombie (D:5)
  2 orc priests
  A centaur skeleton (D:6)
  An iguana (D:7)
  4 orc wizards
  3 worker ants
  12 adders
  8 gnolls
  A river rat (Sewer)
  A shadow imp (D:6)
  An ooze (D:2)
  An adder skeleton (D:5)
  4 worms
  2 leopard geckos (D:2)
  16 orcs
  3 bats
  A giant cockroach (D:1)
  4 goblins
  4 hobgoblins (D:2)
  3 quokkas
  6 ball pythons (Sewer)
  2 frilled lizards
  3 kobolds
  18 rats
117 creatures vanquished.

Vanquished Creatures (collateral kills)
  Sigmund (D:5)
  A black bear (D:6)
  A phantom (D:4)
  An ogre (D:7)
  A killer bee (D:7)
  2 crimson imps
  2 jellies (D:6)
  2 orc priests
  An orc wizard (D:6)
  A worker ant (D:6)
  A hound skeleton (D:4)
  A gnoll (D:6)
  A howler monkey skeleton (D:7)
  2 adders (Sewer)
  A river rat (Sewer)
  A worm (D:5)
  2 leopard geckos
  10 orcs
  A giant cockroach (D:7)
  A quokka (D:4)
  4 ball pythons (Sewer)
  A quokka skeleton (D:4)
  11 rats
50 creatures vanquished.

Vanquished Creatures (others)
  6 ancestors
6 creatures vanquished.

Grand Total: 173 creatures vanquished

Notes
Turn   | Place    | Note
-------+----------+-------------------------------------------
     0 | D:1      | MajorAdolf the Naga Wanderer began the quest for the Orb.
     0 | D:1      | MajorAdolf set off with the following items: a +2 falchion,
                  | a potion of curing, 12 poisoned needles, a +0 blowgun, a +0
                  | robe, a ration
     0 | D:1      | Reached XP level 1. HP: 22/22 MP: 1/1
   392 | D:1      | Reached XP level 2. HP: 30/30 MP: 2/2
   834 | D:2      | Reached skill level 1 in Armour
   834 | D:2      | Reached XP level 3. HP: 13/36 MP: 3/3
   840 | D:2      | HP: 1/36 [orc wizard/+0 dagger (3)]
   841 | D:2      | Reached XP level 4. HP: 1/44 MP: 4/4
  1507 | D:2      | Found a hazy altar of Hepliaklqana.
  1515 | D:2      | Became a worshipper of Hepliaklqana the Forgotten
  1945 | D:3      | Found a hide-covered altar of Uskayaw.
  2152 | D:3      | Noticed a +0 dagger
  2153 | D:3      | Noticed a +0 hand axe
  2175 | D:3      | Reached XP level 5. HP: 17/45 MP: 5/5
  2939 | D:4      | Noticed an ogre
  2947 | D:4      | Killed an ogre
  2948 | D:4      | Reached XP level 6. HP: 23/51 MP: 6/6
  3147 | D:4      | Found a glowing drain.
  3161 | Sewer    | Entered a sewer
  3237 | Sewer    | Reached skill level 1 in Evocations
  3247 | Sewer    | Reached skill level 5 in Long Blades
  3399 | Sewer    | Reached XP level 7. HP: 48/57 MP: 8/8
  3404 | Sewer    | Reached skill level 2 in Evocations
  3763 | D:4      | Reached skill level 3 in Evocations
  4070 | D:4      | Reached * piety under Hepliaklqana
  4099 | D:4      | Found a staircase to the Ecumenical Temple.
  4143 | Temple   | Entered the Ecumenical Temple
  4396 | D:5      | Entered Level 5 of the Dungeon
  4410 | D:5      | Noticed Sigmund
  4553 | D:5      | Killed Sigmund
  4553 | D:5      | Reached skill level 5 in Armour
  4553 | D:5      | Reached skill level 4 in Evocations
  4553 | D:5      | Reached XP level 8. HP: 53/64 MP: 9/11
  4633 | D:5      | Noticed Blork the orc
  4645 | D:5      | Killed Blork the orc
  4766 | D:5      | Noticed a moth of wrath
  4769 | D:5      | Found a bloodstained altar of Trog.
  4836 | D:5      | Found a glowing silver altar of Zin.
  5275 | D:6      | Reached skill level 5 in Evocations
  5430 | D:6      | Learned a level 2 spell: Poisonous Vapours
  5501 | D:6      | Reached skill level 1 in Air Magic
  5501 | D:6      | Reached skill level 1 in Poison Magic
  6125 | D:7      | Reached XP level 9. HP: 66/71 MP: 13/13
  6325 | D:6      | Reached skill level 6 in Evocations
  6709 | D:6      | Reached ** piety under Hepliaklqana
  6710 | D:6      | Remembered your ancestor Mirko as a knight
  7192 | D:7      | Reached skill level 5 in Poison Magic
  7427 | D:7      | Found a runed translucent gate.
  7428 | D:7      | Found a runed translucent gate.
  7428 | D:7      | Found a runed translucent gate.
  7428 | D:7      | Noticed MajorAdolf's ghost (novice NaWn)
  7701 | D:7      | Slain by MajorAdolf's ghost

Skill      XL: |  1  2  3  4  5  6  7  8  9 |
---------------+----------------------------+-----
Long Blades    | 3 4 5 |  5.0
Armour         | 1 2 3 5 |  5.5
Evocations     | 1 4 5 6 |  6.6
Air Magic      | 2 4 |  4.2
Poison Magic   | 3 5 |  5.1
Fighting       | |  4.8
Bows           | |  1.7
Throwing       | |  1.0
Stealth        | |  1.5

Action                   |  1- 3 |  4- 6 |  7- 9 || total
-------------------------+-------+-------+-------++-------
Melee: Falchion          |    35 |   143 |   274 ||   452
Invok: Recall Ancestor   |       |     1 |     2 ||     3
       Ancestor Life: Kn |       |       |     1 ||     1
 Abil: Spit Poison       |     5 |    12 |    26 ||    43
       Evoke Flight      |       |     1 |       ||     1
  Use: Scroll            |     2 |     5 |     4 ||    11
       Potion            |     1 |       |     4 ||     5
 Stab: Distracted        |       |       |     3 ||     3
       Sleeping          |       |       |     1 ||     1
  Eat: Chunk             |       |     7 |    13 ||    20
Armor: Ring mail         |     6 |    79 |   254 ||   339
       Robe              |     2 |       |       ||     2
Dodge: Dodged            |    17 |    58 |   117 ||   192
       Rpst.: Falchion   |     5 |    20 |    43 ||    68
